 Dungeon Crawl Stone Soup version 0.24.0-37-gcf1ca852f1 (console) character file.

Game seed: 4179466350065995592, levelgen mode: deterministic

128 bli the Slasher (level 5, 0/42 HPs)
             Began as a Merfolk Monk on Nov 23, 2019.
             Slain by a gnoll
             ... wielding a +0 halberd
              (11 damage)
             ... on level 3 of the Dungeon.
             The game lasted 00:07:01 (2686 turns).

bli the Slasher (Merfolk Monk)                      Turns: 2686, Time: 00:07:02

Health: 0/42       AC:  3    Str: 11    XL:     5   Next: 12%
Magic:  5/5        EV: 15    Int: 10    God:
Gold:   178        SH:  0    Dex: 17    Spells: 4/4 levels left

rFire    . . .     SeeInvis .   a - +0 falchion
rCold    + . .     Gourm    .   (no shield)
rNeg     . . .     Faith    .   b - +0 robe
rPois    .         Spirit   .   (no helmet)
rElec    .         Reflect  .   (no cloak)
rCorr    .         Harm     .   (no gloves)
MR       .....                  u - +0 pair of boots
Stlth    ++........             (no amulet)
HPRegen  0.14/turn              o - ring of protection from cold
MPRegen  0.09/turn              (no ring)

@: no status effects
A: change form in water, swift swim, stealthy swim
a: no special abilities


You were on level 3 of the Dungeon.
You were not hungry.

You visited 1 branch of the dungeon, and saw 3 of its levels.

You collected 178 gold pieces.

Inventory:

Hand Weapons
 a - a +0 falchion (weapon)
Armour
 b - a +0 robe (worn)
 s - a +0 shield
 u - a +0 pair of boots (worn)
Jewellery
 o - a ring of protection from cold (left hand)
 v - an uncursed amulet of the gourmand {unknown}
Wands
 l - a wand of acid (10)
Scrolls
 d - 7 scrolls of identify {unknown}
 e - 2 scrolls of amnesia {unknown}
 j - 2 scrolls of teleportation {unknown}
 k - a scroll of fog {unknown}
 n - 2 scrolls of enchant armour {unknown}
Potions
 f - 2 potions of haste {unknown}
 h - 2 potions of degeneration {unknown}
 i - a potion of agility {unknown}
 m - a potion of magic {unknown}
 p - a potion of invisibility {unknown}
 q - a potion of ambrosia {unknown}
 r - a potion of curing {unknown}
 t - a potion of mutation {unknown}
 w - a potion of flight {unknown}
Comestibles
 c - 5 rations
 g - 8 chunks of flesh


   Skills:
 + Level 3.7 Fighting
 * Level 5.0 Long Blades
 + Level 4.8 Dodging
 + Level 3.1 Stealth


You had 4 spell levels left.
You didn't know any spells.
Your spell library was empty.

Dungeon Overview and Level Annotations

Branches:
Dungeon (3/15)

Altars:
Gozag
Qazlal

Annotations:
D:3 Grinder


Message History

* * * LOW HITPOINT WARNING * * *
You hit the gnoll.
The gnoll is lightly wounded.
You hit the gnoll.
The gnoll is moderately wounded.
The gnoll closely misses you.
You barely miss the gnoll.
The gnoll is moderately wounded.
The gnoll barely misses you.
You riposte.
You hit the gnoll but do no damage.
The gnoll is moderately wounded.
You barely miss the gnoll.
The gnoll is moderately wounded.
The gnoll barely misses you.
You hit the gnoll.
The gnoll is heavily wounded.
The gnoll misses you.
You hit the gnoll.
The gnoll is severely wounded.
The gnoll hits you with a +0 halberd!
You die...

## ## #$# . .# #... .#.
#..# ... #..# #.# #..#
#.# #..#####.####
#.....)<....#
######...#.##.......#
.##....g...#...###.####
.......@.#####.# #
....####...# <.# #
##..#.### .... .#..#
...... ..... .####.# ##
##.... .. . .. #.... ##
.# ...# .# ##.#
.#####g.##.###.


You could see a gnoll.

Vanquished Creatures
  2 gnolls (D:3)
  2 adders (D:3)
  An ooze (D:2)
  3 dart slugs
  4 leopard geckos
  3 giant cockroaches
  17 goblins
  11 hobgoblins
  6 jackals (D:3)
  7 bats
  5 frilled lizards
  4 kobolds
  6 rats
71 creatures vanquished.

Notes
Turn   | Place    | Note
-------+----------+-------------------------------------------
     0 | D:1      | bli the Merfolk Monk began the quest for the Orb.
     0 | D:1      | Reached XP level 1. HP: 18/18 MP: 1/1
   476 | D:1      | Reached XP level 2. HP: 15/24 MP: 2/2
  1064 | D:1      | Reached XP level 3. HP: 29/29 MP: 3/3
  1274 | D:2      | Found a stormy altar of Qazlal.
  1284 | D:2      | Reached skill level 4 in Long Blades
  1663 | D:2      | Reached XP level 4. HP: 34/36 MP: 4/4
  1836 | D:2      | Found an opulent altar of Gozag.
  2366 | D:3      | Noticed Grinder
  2370 | D:3      | Paralysed by Grinder for 2 turns
  2413 | D:3      | Reached XP level 5. HP: 9/42 MP: 5/5
  2650 | D:3      | Reached skill level 5 in Long Blades
  2686 | D:3      | Slain by a gnoll

Levels and vault maps discovered:
D:1:      dpeg_arrival_arbitrary_b, layout_basic
D:2:      layout_basic, lemuel_round_altar,
          nicolae_gozag_cash_rules_everything_around_me
D:3:      kennysheep_goblin_castle, layout_loops_ring,
          gammafunk_temple_overflow_elements, okawaru_ov_weapons_minmay,
          uniq_grinder

Skill      XL: |  1  2  3  4  5 |
---------------+----------------+-----
Long Blades    | 4 5 |  5.0
Stealth        | 3 |  3.1
Fighting       | |  3.7
Dodging        | |  4.8

Action                   |  1- 3 |  4- 6 || total
-------------------------+-------+-------++-------
Melee: Falchion          |   121 |   106 ||   227
       Tailslap          |       |     3 ||     3
 Stab: Sleeping          |     9 |     4 ||    13
  Eat: Chunk             |     3 |     3 ||     6
Armor: Robe              |    16 |     8 ||    24
Dodge: Dodged            |    87 |   116 ||   203
       Rpst.: Falchion   |    29 |    34 ||    63
